 Dungeon Crawl Stone Soup version 0.16-a0-3280-g3a29b53 (webtiles) character file.

589 Kemay the Insei (level 7, -5/46 HPs)
             Began as an Octopode Monk on Dec 24, 2014.
             Slain by a centaur zombie (7 damage)
             ... on level 5 of the Dungeon.
             The game lasted 00:11:16 (6230 turns).

Kemay the Insei (Octopode Monk)                     Turns: 6230, Time: 00:11:16

Health: -5/46      AC:  1    Str: 10    XL:     7   Next: 38%
Magic:  7/7        EV: 16    Int: 15    God:
Gold:   306        SH:  0    Dex: 16    Spells: 0 memorised, 6 levels left

rFire  + . .     SeeInvis +       - Unarmed
rCold  + . .     Clarity  .     (no shield)
rNeg   . . .     SustAb   .     (helmet restricted)
rPois  .         Gourm    .     (no amulet)
rElec  .         Spirit   .     f - ring of see invisible
rCorr  .         Warding  .     e - ring of protection from magic
rMut   .         Stasis   .     n - ring of protection from cold
MR     +....                    (no ring)
Stlth  +++.......               (no ring)
                                (no ring)
                                (no ring)
                                (no ring)

@: somewhat resistant to hostile enchantments, fairly stealthy
A: almost no armour, amphibious, 8 rings, constrict 8, camouflage 1, agile 1,
deformed body, fire resistance 1, gelatinous body 1
a: no special abilities


You were on level 5 of the Dungeon.
You were not hungry.

You visited 1 branch of the dungeon, and saw 5 of its levels.

You collected 306 gold pieces.

Inventory:

Jewellery
 e - a ring of protection from magic (right tentacle)
 f - a ring of see invisible (left tentacle)
 n - a ring of protection from cold (on tentacle)
Scrolls
 a - a scroll of fog
 k - a scroll of remove curse
 l - a scroll of teleportation
Potions
 c - a potion of lignification
 g - 2 potions of cure mutation
Comestibles
 b - 3 bread rations
 h - 3 chunks of flesh
 i - a beef jerky


   Skills:
 - Level 3.0 Fighting
 + Level 6.2 Dodging
 - Level 2.6 Stealth
 + Level 6.7 Unarmed Combat


You had 6 spell levels left.
You didn't know any spells.

Dungeon Overview and Level Annotations

Branches:
Dungeon (5/15)
 Temple: D:4-7

Altars:
Elyvilon
Ru


Innate Abilities, Weirdness & Mutations

You cannot wear most types of armour.
You are amphibious.
You can wear up to eight rings at the same time.
You can use your tentacles to constrict many enemies at once.
Your skin changes colour to match your surroundings (Stealth).
Your rubbery body absorbs attacks (AC +1).
You are agile. (Dex +2)
Your body is misshapen.
Your flesh is heat resistant.


Message History

You are too injured to fight recklessly!
You are too injured to fight recklessly!
You are too injured to fight recklessly!
You are too injured to fight recklessly!
You are too injured to fight recklessly!
You tentacle-slap the centaur zombie but do no damage.
The centaur zombie hits you.
* * * LOW HITPOINT WARNING * * *
You tentacle-slap the centaur zombie but do no damage.
The centaur zombie barely misses you.
You tentacle-slap the centaur zombie. The centaur zombie hits you.
* * * LOW HITPOINT WARNING * * *
You tentacle-slap the centaur zombie but do no damage.
The centaur zombie barely misses you. x2
You bludgeon the centaur zombie! The centaur zombie hits you.
* * * LOW HITPOINT WARNING * * *
You tentacle-slap the centaur zombie but do no damage.
You tentacle-slap the centaur zombie. You squeeze the centaur zombie.
The centaur zombie hits you!
You die...

##............
#..grS..........
#..(<............
....................
. .....)o...........
..#
................# ..
#####....######.##.#
#.......###....#
#......oZ@.<..#
#.......#######
..... .... .#) #


You could see an orc wizard (invisible) and a centaur zombie.

Vanquished Creatures
  A scorpion (D:4)
  2 orc priests (D:5)
  A gnoll shaman (D:4)
  An orc wizard (D:5)
  4 worker ants (D:4)
  A hound skeleton (D:4)
  11 adders
  8 gnolls
  3 giant mites
  5 worms
  3 giant geckos
  7 orcs
  6 giant cockroaches
  14 hobgoblins
  5 jackals (D:2)
  3 ball pythons
  9 bats
  8 giant newts
  12 goblins
  3 kobolds
  4 rats
111 creatures vanquished.

Notes
Turn   | Place    | Note
--------------------------------------------------------------
     0 | D:1      | Kemay, the Octopode Monk, began the quest for the Orb.
     0 | D:1      | Reached XP level 1. HP: 16/16 MP: 1/1
   542 | D:1      | Reached XP level 2. HP: 21/21 MP: 2/2
   990 | D:2      | Reached XP level 3. HP: 12/26 MP: 3/3
  1624 | D:2      | Reached XP level 4. HP: 20/31 MP: 4/4
  2006 | D:2      | Reached skill level 5 in Unarmed Combat
  2777 | D:2      | Reached XP level 5. HP: 17/36 MP: 5/5
  3115 | D:2      | Found a sacrificial altar of Ru.
  3116 | D:2      | Found a white marble altar of Elyvilon.
  4166 | D:4      | Reached skill level 5 in Dodging
  4176 | D:4      | Reached XP level 6. HP: 31/42 MP: 6/6
  4706 | D:4      | Reached skill level 6 in Unarmed Combat
  4955 | D:4      | Gained mutation: You are agile. (Dex +2) [potion of mutation]
  4955 | D:4      | Gained mutation: Your body is misshapen. [potion of mutation]
  4955 | D:4      | Gained mutation: Your flesh is heat resistant. [potion of mutation]
  5486 | D:4      | Reached XP level 7. HP: 16/46 MP: 7/7
  6117 | D:5      | Entered Level 5 of the Dungeon
  6198 | D:5      | Noticed a centaur zombie
  6229 | D:5      | HP: 2/46 [centaur zombie (4)]
  6230 | D:5      | Slain by a centaur zombie

Action                   |  1- 3 |  4- 6 |  7- 9 || total
-------------------------+-------+-------+-------++-------
Melee: Unarmed           |    59 |   172 |    59 ||   290
  Use: Scroll            |     4 |     8 |       ||    12
       Potion            |       |     4 |     3 ||     7
 Stab: Sleeping          |     4 |    11 |     1 ||    16
  Eat: Chunk             |     2 |    12 |     1 ||    15
       Pizza             |       |       |     1 ||     1
